 Dungeon Crawl Stone Soup version 0.19-a0-607-g42021f0 (webtiles) character file.

21554 pk666 the Cleaver (level 12, -1/169 HPs)
             Began as a Minotaur Berserker on June 12, 2016.
             Was a High Priest of Trog.
             Slain by a catoblepas (12 damage)
             ... on level 3 of the Lair of Beasts.
             The game lasted 00:31:36 (12906 turns).

pk666 the Cleaver (Minotaur Berserker)             Turns: 12906, Time: 00:31:37

Health: -1/169     AC: 18    Str: 31    XL:     12   Next: 55%
Magic:  11/11      EV:  2    Int:  4    God:    Trog [*****.]
Gold:   833        SH:  0    Dex: 11    Spells: 0 memorised, 11 levels left

rFire  . . .     SeeInvis .     S - +1 executioner's axe (chop)
rCold  . . .     Gourm    .     D - +0 plate armour
rNeg   + + +     Faith    .     (shield currently unavailable)
rPois  ∞         Spirit   .     (helmet restricted)
rElec  .         Dismiss  .     G - +0 cloak
rCorr  .         Reflect  .     y - +0 pair of gloves
SustAt .         Harm     .     (no boots)
MR     .....                    B - amulet of regeneration
Stlth  ..........               (no ring)
                                J - +1 ring of evasion

@: berserking (expiring), lethally poisoned (-1 -> -1), petrified, not resistant
to hostile enchantments, extremely unstealthy
A: retaliatory headbutt, horns 2
a: Berserk, Trog's Hand, Brothers in Arms, Burn Spellbooks, Renounce Religion


You were on level 3 of the Lair of Beasts.
You worshipped Trog.
Trog was extremely pleased with you.
You were hungry.

You visited 3 branches of the dungeon, and saw 18 of its levels.

You collected 909 gold pieces.
You spent 76 gold pieces at shops.

Inventory:

Hand Weapons
 H - a +1 battleaxe
 S - a +1 executioner's axe of chopping (weapon)
Armour
 y - a +0 pair of gloves (worn)
 D - a +0 plate armour (worn)
 G - a +0 cloak (worn)
Jewellery
 w - an uncursed amulet of rage
 B - an amulet of regeneration (around neck)
 J - a +1 ring of evasion (left hand)
 X - a +2 ring of evasion
 Y - an uncursed ring of protection from magic {unknown}
Wands
 d - a wand of paralysis (18/24)
 p - a wand of lightning (1/15)
 s - a wand of digging (17/24)
 t - a wand of confusion (25/48)
 O - a wand of random effects (6/48)
 P - a wand of lightning (5/15)
 Q - a wand of lightning (8/15)
 R - a wand of iceblast (7/15)
 V - a wand of lightning (4/15)
Scrolls
 e - 3 scrolls of immolation {unknown}
 h - 24 scrolls of identify {unknown}
 j - 3 scrolls of recharging {unknown}
 l - 3 scrolls of enchant armour {unknown}
 n - 3 scrolls of magic mapping {unknown}
 o - 2 scrolls of fog {unknown}
 q - a scroll of fear {unknown}
 r - 3 scrolls of blinking {unknown}
 u - 8 scrolls of remove curse {unknown}
 A - 7 scrolls of teleportation {unknown}
 E - 2 scrolls of enchant weapon {unknown}
 F - a scroll of silence {unknown}
 K - 2 scrolls of noise {unknown}
 M - a scroll of random uselessness {unknown}
 U - a scroll of brand weapon {unknown}
Potions
 b - 10 potions of curing {unknown}
 f - 4 potions of heal wounds {unknown}
 g - 3 potions of might {unknown}
 i - a potion of brilliance {unknown}
 k - 5 potions of flight {unknown}
 m - 2 potions of agility {unknown}
 x - 4 potions of haste {unknown}
 z - a potion of cure mutation {unknown}
 L - 2 potions of lignification {unknown}
 T - a potion of degeneration {unknown}
 W - a potion of invisibility
Books
 a - a Fen Folio

   Spells                             Type                      Level
   a - Corpse Rot                     Necromancy                   2
   b - Stone Arrow                    Conjuration/Earth            3
   c - Leda's Liquefaction            Hexes/Earth                  4
   d - Summon Forest                  Summoning/Translocation      5
   e - Hydra Form                     Transmutation                6
   f - Summon Hydra                   Summoning                    7
   Trog disapproves of the use of such an item.
Comestibles
 c - 8 bread rations
 v - 7 meat rations
 C - 4 beef jerkies
 I - 20 fruits
 N - 3 slices of pizza


   Skills:
 + Level 12.6 Fighting
 + Level 13.1 Axes
 + Level 12.7 Armour
 + Level 11.6 Dodging


You had 11 spell levels left.
You didn't know any spells.

Dungeon Overview and Level Annotations

Branches:
Dungeon (14/15)            Temple (1/1) D:6            Lair (3/6) D:11
  Snake (0/4) Lair:2          Orc (0/2) D:9
  Swamp: Lair:2-4    Shoals: Lair:2-4    Vaults: D:13-14

Altars:
Ashenzari
Cheibriados
Elyvilon
Fedhas
Gozag
Hepliaklqana
Kikubaaqudgha
Nemelex Xobeh
Okawaru
Qazlal
Ru
Uskayaw
Vehumet
Yredelemnul
The Shining One

Shops:
D:9 }[


Innate Abilities, Weirdness & Mutations

You reflexively headbutt those who attack you in melee.
You have a pair of horns on your head.


Message History

The catoblepas gores you but does no damage.
The spiny frog completely misses you.
You are engulfed in calcifying dust.
The catoblepas gores you but does no damage.
The spiny frog completely misses you.
You are engulfed in calcifying dust.
The catoblepas breathes a plume of calcifying dust at you.
The blast of calcifying dust hits you!
The spiny frog stings you but does no damage.
You are engulfed in calcifying dust.
The catoblepas breathes a plume of calcifying dust at you.
The blast of calcifying dust hits you! The spiny frog stings you!
* * * LOW HITPOINT WARNING * * *
You are engulfed in calcifying dust.
The spiny frog stings you!
* * * LOW HITPOINT WARNING * * *
The catoblepas gores you but does no damage.
You are engulfed in calcifying dust.
The spiny frog stings you!
* * * LOW HITPOINT WARNING * * *
The catoblepas gores you!!
You die...

#.....# #..#.##.#.#.#...
##....# ##.#######.##...
#....# ##.. ####...
.....# #..# ##...
##...). ###..# #....
....###.##.# ##..#
...........##### ####.#.
...........#...###.##...
......Y@§.§.............
.......F..............#+
........................
..........####.#........
.........## ######.....
.........P #.....
.......... #.....
...#.#....# ##.....
#...## ###......


You could see a catoblepas and a spiny frog.

Vanquished Creatures
  A centaur warrior (D:11)
  Erica (D:9)
  The ghost of tstbtto the Spear-Bearer, a novice CeGl (D:7)
  A wizard (D:14)
  A hill giant (D:11)
  A cyclops (D:11)
  Joseph (D:8)
  4 black mambas (Lair:2)
  2 spiny frogs
  2 komodo dragons
  2 trolls
  A tengu conjurer (D:14)
  Prince Ribbit (D:6)
  A slime creature (D:8)
  Grinder (D:6)
  A two-headed ogre (D:11)
  A centaur simulacrum (D:14)
  A shadow (D:13)
  17 yaks
  Eustachio (D:6)
  2 hungry ghosts
  3 basilisks
  A steam dragon (D:9)
  Edmund (D:6)
  7 hippogriffs
  3 soldier ants
  7 water moccasins
  3 porcupines (Lair:2)
  2 sky beasts
  6 orc warriors
  5 ice beasts
  A black bear (D:11)
  4 ogres
  A phantom (D:4)
  A centaur (D:14)
  4 crocodiles
  Blork the orc (D:6)
  9 giant frogs
  2 scorpions
  8 killer bees
  2 electric eels (Lair:2)
  21 wights
  9 howler monkeys
  9 crimson imps
  9 hounds
  2 centaur zombies
  A quasit (D:8)
  A gnoll shaman (D:8)
  6 centaur skeletons
  4 orc priests
  12 orc wizards
  An iron imp (D:6)
  9 iguanas
  8 worker ants
  4 sheep (Lair:2)
  2 hound zombies
  A hound skeleton (D:8)
  22 adders
  8 gnolls
  17 river rats
  3 shadow imps
  5 oozes
  4 adder skeletons
  4 worms
  A dart slug (D:1)
  10 giant geckos
  41 orcs
  7 bats
  6 giant cockroaches
  6 goblins
  6 hobgoblins
  21 jackals
  10 quokkas
  3 ball pythons
  A giant gecko skeleton (D:5)
  A giant gecko zombie (D:6)
  9 giant newts
  9 kobolds
  4 rats
  A fungus (Lair:3)
413 creatures vanquished.

Vanquished Creatures (others)
  An orc wizard (D:8)
  A fungus (Lair:3)
2 creatures vanquished.

Grand Total: 415 creatures vanquished

Notes
Turn   | Place    | Note
--------------------------------------------------------------
     0 | D:1      | pk666 the Minotaur Berserker began the quest for the Orb.
     0 | D:1      | Reached XP level 1. HP: 19/19 MP: 0/0
    90 | D:1      | Reached XP level 2. HP: 22/27 MP: 1/1
   254 | D:1      | Reached skill level 4 in Axes
   325 | D:1      | Reached XP level 3. HP: 33/33 MP: 2/2
   334 | D:1      | Reached ** piety under Trog
   350 | D:1      | You fall through a shaft!
   423 | D:2      | Reached XP level 4. HP: 31/40 MP: 3/3
  1593 | D:3      | Reached *** piety under Trog
  1593 | D:3      | Reached XP level 5. HP: 47/47 MP: 4/4
  1925 | D:3      | Found a shattered altar of Ashenzari.
  2110 | D:3      | Found a sparkling altar of Nemelex Xobeh.
  2111 | D:3      | Found an opulent altar of Gozag.
  2242 | D:4      | Noticed an ogre
  2248 | D:4      | Killed an ogre
  2248 | D:4      | Reached skill level 5 in Fighting
  2248 | D:4      | Reached skill level 5 in Axes
  2248 | D:4      | Reached XP level 6. HP: 54/56 MP: 5/5
  2538 | D:4      | Reached skill level 5 in Armour
  2540 | D:4      | Reached XP level 7. HP: 53/61 MP: 6/6
  2775 | D:4      | Reached skill level 6 in Axes
  2800 | D:4      | Reached skill level 5 in Dodging
  3762 | D:5      | Entered Level 5 of the Dungeon
  3837 | D:5      | Reached **** piety under Trog
  3878 | D:5      | Found a glowing golden altar of the Shining One.
  4200 | D:5      | Reached XP level 8. HP: 52/71 MP: 7/7
  4412 | D:5      | Found a sacrificial altar of Ru.
  4610 | D:6      | Reached skill level 7 in Axes
  4616 | D:6      | Noticed Edmund
  4622 | D:6      | Killed Edmund
  4741 | D:6      | Found a sacrificial altar of Ru.
  4845 | D:6      | Noticed Prince Ribbit
  4851 | D:6      | Killed Prince Ribbit
  4912 | D:6      | Noticed Grinder
  4919 | D:6      | Killed Grinder
  4919 | D:6      | Reached XP level 9. HP: 81/81 MP: 8/8
  4993 | D:6      | Found a staircase to the Ecumenical Temple.
  5082 | D:6      | Noticed Blork the orc
  5095 | D:6      | Reached skill level 8 in Axes
  5103 | D:6      | Reached ***** piety under Trog
  5105 | D:6      | Killed Blork the orc
  5110 | D:6      | Noticed Eustachio
  5153 | D:6      | Killed Eustachio
  5262 | D:6      | Found a snail-covered altar of Cheibriados.
  5651 | Temple   | Entered the Ecumenical Temple
  5699 | D:7      | Found a white marble altar of Elyvilon.
  5864 | D:7      | Noticed tstbtto's ghost (novice CeGl)
  5878 | D:7      | Killed tstbtto's ghost
  5878 | D:7      | Reached skill level 9 in Axes
  6045 | D:8      | Noticed a dagger
  6045 | D:8      | Noticed a dagger
  6046 | D:8      | Found a hide-covered altar of Uskayaw.
  6082 | D:8      | Reached XP level 10. HP: 91/91 MP: 9/9
  6352 | D:8      | Found an ancient bone altar of Kikubaaqudgha.
  6704 | D:8      | Reached skill level 10 in Axes
  6747 | D:8      | Received a gift from Trog
  6850 | D:8      | Noticed Joseph
  6863 | D:8      | Killed Joseph
  6863 | D:8      | Reached skill level 10 in Fighting
  6939 | D:8      | Found a stormy altar of Qazlal.
  7178 | D:8      | Reached skill level 10 in Armour
  7403 | D:9      | Found Icamuun's Gadget Boutique.
  7405 | D:9      | Noticed Erica
  7434 | D:9      | Killed Erica
  7486 | D:9      | Found a staircase to the Orcish Mines.
  7489 | D:9      | Found Cimomept's Armour Emporium.
  7505 | D:9      | Bought a +0 pair of gloves for 76 gold pieces
  7569 | D:9      | Found an iron altar of Okawaru.
  8086 | D:9      | Reached XP level 11. HP: 97/101 MP: 10/10
  8105 | D:10     | Entered Level 10 of the Dungeon
  8197 | D:10     | Reached skill level 11 in Axes
  8800 | D:10     | Found a blossoming altar of Fedhas.
  9025 | D:11     | Reached skill level 10 in Dodging
  9377 | D:11     | You fall through a shaft for 2 floors!
  9607 | D:14     | Received a gift from Trog
  9773 | D:14     | Noticed a wizard
  9775 | D:14     | Paralysed by a wizard for 4 turns
  9788 | D:14     | Killed a wizard
 10139 | D:11     | Noticed a centaur warrior
 10144 | D:11     | Killed a centaur warrior
 10144 | D:11     | Reached skill level 12 in Axes
 10227 | D:11     | Found a staircase to the Lair.
 10433 | D:11     | Noticed a hill giant
 10440 | D:11     | Killed a hill giant
 10440 | D:11     | Reached XP level 12. HP: 99/112 MP: 11/11
 10521 | Lair:1   | Entered Level 1 of the Lair of Beasts
 10843 | Lair:1   | Got a scintillating wooden ring
 10899 | Lair:1   | Identified the ring "Hess" {*Tele +Fly} (You found it on level 1 of the Lair of Beasts)
 11147 | Lair:2   | Found a staircase to the Snake Pit.
 11889 | Lair:2   | Reached skill level 13 in Axes
 12890 | Lair:3   | Noticed a catoblepas
 12906 | Lair:3   | Slain by a catoblepas

Vault maps used:
D:1:      saegor_arrival_under_anarchy
D:3:      grunt_temple_overflow_opulence, ashenzari_altar_1, first_bread
D:4:      serial_forest, infiniplex_forest_join, infiniplex_forest_lined_room_,
          infiniplex_forest_split, infiniplex_forest_lined_corner,
          infiniplex_forest_clump_curved, infiniplex_forest_straight_4,
          infiniplex_forest_lined_room_2, infiniplex_forest_straight_3
D:5:      basic_altar, st_stairs_6, nicolae_ru_great_annihilating_truth
D:6:      slow_altar_2, lemuel_round_altar, minmay_temple_entry_purple_smoke,
          corner_web_ring, sword_in_stone, uniq_edmund, uniq_prince_ribbit1,
          uniq_grinder
D:7:      lemuel_ice_spiral_2, elyvilon_altar_1
D:8:      kennysheep_blocky_room, dancing_weapons_uskayaw,
          nicolae_qazlal_eye_of_the_storm, kennysheep_little_box, uniq_joseph
D:9:      overflow_temple_1_default, orc_david_3, serial_shops, shop, uniq_erica
D:10:     hangedman_tree_tricks
D:11:     lair_0_dummy
D:12:     serial_column_ruins, column_ruins_grid_1, column_ruins_columns_corner,
          column_ruins_open_large, column_ruins_grid_1,
          column_ruins_open_tiny_water
D:13:     lemuel_ogre_cave, nicolae_trove_entry_crossroad, serial_shops,
          nicolae_shop_crystal, minivault_19
D:14:     due_megacathedral, david_vaults_5, hangedman_decor_opposing,
          uniq_louise
Temple:   circular_temple_12
Lair:1:   grunt_megastairs_3
Lair:2:   minmay_snake_entry_six_corridors, minivault_11, grunt_megastairs_1,
          bh_autumn_forest_stairs, serial_bayou_shore_a, serial_bayou_shore_b
Lair:3:   serial_bayou_shore_b

Skill      XL: |  1  2  3  4  5  6  7  8  9 10 11 12 |
---------------+-------------------------------------+-----
Fighting       | 4 5 6 8 9 10 11 12 | 12.6
Axes           | 4 5 6 7 9 10 12 13 | 13.1
Armour         | 3 4 5 6 7 9 10 12 | 12.7
Dodging        | 3 4 5 6 8 9 10 11 | 11.6

Action                   |  1- 3 |  4- 6 |  7- 9 | 10-12 || total
-------------------------+-------+-------+-------+-------++-------
Melee: Hand axe          |    58 |   127 |   312 |    15 ||   512
       Headbutt          |     8 |    22 |    62 |   100 ||   192
       Battleaxe         |       |       |       |   307 ||   307
       Executioner's axe |       |       |       |   209 ||   209
Invok: Berserk           |       |     2 |     7 |    11 ||    20
 Stab: Paralysed         |       |       |     1 |       ||     1
  Eat: Chunk             |       |     6 |    18 |    36 ||    60
       Fruit             |       |       |     1 |     2 ||     3
       Beef jerky        |       |       |       |     1 ||     1
Armor: Animal skin       |     3 |       |       |       ||     3
       Ring mail         |    22 |    55 |    10 |       ||    87
       Chain mail        |       |       |    80 |       ||    80
       Plate armour      |       |       |    81 |   387 ||   468
Dodge: Dodged            |    40 |    92 |   168 |   417 ||   717
